 Dungeon Crawl Stone Soup version 0.26-a0-651-gb41185065b (webtiles) character file.

Game seed: 16715872461112177773

9814 Flugslaktarn the Cleaver (level 11, -3/106 HPs)
             Began as a Deep Dwarf Fighter on Oct 22, 2020.
             Was an Elder of Makhleb.
             Slain by an ice devil (17 damage)
             ... summoned by a kobold demonologist
             ... on level 12 of the Dungeon.
             The game lasted 00:04:31 (6725 turns).

Flugslaktarn the Cleaver (Deep Dwarf Fighter)       Turns: 6725, Time: 00:04:32

Health: -3/106     AC: 20    Str: 20    XL:     11   Next: 28%
Magic:  4/4        EV: 10    Int:  9    God:    Makhleb [****..]
Gold:   370        SH: 10    Dex: 22    Spells: 10/10 levels left

rFire    . . .     SeeInvis .   E - +3 war axe
rCold    . . .     Faith    .   c - +0 kite shield
rNeg     . . .     Spirit   .   y - +6 chain mail of the Game Afoot {Dex+7}
rPois    .         Reflect  .   (no helmet)
rElec    .         Harm     .   m - +0 cloak
rCorr    .         Rampage  .   (no gloves)
MR       +....                  f - +1 pair of boots
Stlth    ..........             (no amulet)
HPRegen  0.00/turn              (no ring)
MPRegen  0.09/turn              (no ring)

@: non-regenerating, lightly drained
A: damage resistance, heal wounds, sense surroundings 2, no regeneration
a: Heal Wounds, Minor Destruction, Lesser Servant of Makhleb, Major Destruction,
Renounce Religion


You were on level 12 of the Dungeon.
You worshipped Makhleb.
Makhleb was greatly pleased with you.
You visited 2 branches of the dungeon, and saw 13 of its levels.

You collected 370 gold pieces.

Inventory:

Hand Weapons
 E - a +3 war axe (weapon)
   (You took it off a wight on level 8 of the Dungeon)
Armour
 c - a +0 kite shield (worn)
 f - a +1 pair of boots (worn)
   (You found it on level 1 of the Dungeon)
 m - a +0 cloak (worn)
   (You found it on level 5 of the Dungeon)
 y - the +6 chain mail of the Game Afoot (worn) {Dex+7}
   (You found it on level 7 of the Dungeon)

   It affects your dexterity (+7).
Jewellery
 u - an uncursed amulet of faith {unknown}
   (You found it on level 10 of the Dungeon)
Wands
 a - a wand of iceblast (5)
   (You found it on level 8 of the Dungeon)
 w - a wand of acid (7)
   (You found it on level 4 of the Dungeon)
 C - a wand of paralysis (8)
   (You found it on level 10 of the Dungeon)
Scrolls
 g - a scroll of immolation
 i - 3 scrolls of enchant weapon
 j - a scroll of fog
 l - a scroll of magic mapping
 r - a scroll of identify
 t - a scroll of teleportation
 x - 5 scrolls of remove curse
 z - a scroll of noise {unknown}
Potions
 b - a potion of flight
 d - 4 potions of might
 e - 5 potions of stabbing
 h - a potion of haste
 k - 2 potions of brilliance {unknown}
 n - 2 potions of resistance {unknown}
 o - a potion of degeneration {unknown}
 p - 2 potions of cancellation
 q - 3 potions of curing
 s - a potion of berserk rage
 v - a potion of lignification {unknown}
 A - 2 potions of heal wounds {unknown}
 B - a potion of magic {unknown}
 D - a potion of invisibility {unknown}


   Skills:
 * Level 9.0(8.8) Fighting
 * Level 10.4(10.2) Axes
 + Level 7.8(7.6) Armour
 + Level 6.3(6.1) Dodging
 - Level 4.3(4.1) Shields
 + Level 6.9(6.8) Invocations
 + Level 7.2(7.0) Evocations


You had 10 spell levels left.
You didn't know any spells.
Your spell library was empty.

Dungeon Overview and Level Annotations

Branches:
Dungeon (12/15)            Temple (1/1) D:5            Lair (0/6) D:11
    Orc (0/2) D:12

Altars:
Ashenzari
Cheibriados
Dithmenos
Elyvilon
Fedhas
Gozag
Hepliaklqana
Kikubaaqudgha
Makhleb
Nemelex Xobeh
Okawaru
Qazlal
Ru
Sif Muna
Trog
Uskayaw
Vehumet
Wu Jian
Xom
Yredelemnul
Zin
The Shining One

Shops:
D:9 *

Annotations:
D:3 3 runed translucent doors, Brawrur's ghost, weakling SpEn; Lanoc's ghost, weakling FoMo; danilin1's ghost, amateur MiBe


Innate Abilities, Weirdness & Mutations

You are resistant to damage.
You can heal yourself by infusing magical energy.
You passively map the area around you.
You do not regenerate.


Message History

The big kobold hits you but does no damage.
The red devil hits you from afar with a +0 trident.
You block the ice devil's attack.
The ice devil hits you but does no damage.
The quasit bites you but does no damage.
The quasit claws you but does no damage. x2
The white imp barely misses you.
You are too injured to fight recklessly!
You miss the kobold demonologist.
The kobold demonologist is almost dead.
You slash the ice devil! You hit the big kobold. You hit the quasit.
You slash the white imp! You hit the ice devil but do no damage.
The kobold demonologist hits you but does no damage.
You block the wight's attack. The big kobold completely misses you.
You block the quasit's attack. The quasit closely misses you.
The quasit misses you.
The red devil hits you but does no damage.
The ice devil barely misses you. The ice devil hits you.
The ice devil freezes you!!
You die...

, , ,,, * , *
, , ..., .. *
*...#*.. * , *
, *....##.##
### ,
,.....#..###..
, *,
,............
, ,,, , ,
,**#.......z#
* * ,* , , *
#...5K4# , * ,
, #.4)@K## *,,
, , #..#54.#
..# , *
#.,##..## #..#
,, *#. *##..##
..# * * , *
*#. ##(.###..#
#. , #...#..#*
,* * . *
##.....# . , *
. ,* #....##
###. ..
##..<#####....


You could see 2 ice devils, a kobold demonologist, a red devil (summoned), a big
kobold, a wight, a quasit (summoned) and a white imp (summoned).

Vanquished Creatures
  A hydra (D:11)
  A two-headed ogre (D:9)
  A manticore (D:11)
  A kobold demonologist (D:12)
  A troll (D:9)
  A polar bear (shapeshifter) (D:11)
  5 hippogriffs
  2 wraiths
  A shadow (D:12)
  A wyvern (D:9)
  Eustachio (D:5)
  A basilisk (D:11)
  Menkaure (D:4)
  A porcupine (D:11)
  Duvessa (D:7)
  A black bear (D:10)
  6 orc warriors
  2 sky beasts (D:8)
  3 ice beasts
  7 ogres
  A phantom (D:5)
  A centaur (D:5)
  3 big kobolds
  3 crocodiles
  9 bullfrogs
  2 scorpions
  Dowan (D:7)
  8 killer bees
  8 wights
  A howler monkey (D:6)
  2 bullfrog zombies
  2 hounds
  17 orc wizards
  2 bullfrog skeletons
  6 orc priests
  3 centaur skeletons
  3 jellies
  6 iguanas
  4 worker ants
  A killer bee zombie (D:6)
  3 hound skeletons
  2 worker ant zombies
  A howler monkey skeleton (D:9)
  11 adders
  9 river rats (D:6)
  3 shadow imps
  An ufetubus (D:8)
  An ooze (D:2)
  An adder skeleton (D:8)
  2 worms
  5 leopard geckos
  38 orcs
  A giant cockroach (D:2)
  A goblin (D:3)
  2 hobgoblins (D:1)
  10 jackals
  12 kobolds
  11 quokkas
  2 bats
  3 frilled lizards
  A leopard gecko zombie (D:5)
  2 quokka skeletons
  14 rats
258 creatures vanquished.

Vanquished Creatures (collateral kills)
  A yak (D:11)
  A scorpion (D:11)
2 creatures vanquished.

Vanquished Creatures (others)
  An orc wizard (D:5)
  A goblin (D:3)
  2 bushes (D:11)
  4 fungi (D:11)
  14 plants (D:11)
22 creatures vanquished.

Grand Total: 282 creatures vanquished

Notes
Turn   | Place    | Note
-------+----------+-------------------------------------------
     0 | D:1      | Flugslaktarn the Deep Dwarf Fighter began the quest for the
                  | Orb.
     0 | D:1      | Reached XP level 1. HP: 20/20 MP: 1/1
   102 | D:2      | Reached XP level 2. HP: 21/27 MP: 2/2
   118 | D:2      | You fall into a shaft and drop 1 floor!
   118 | D:3      | Found a blossoming altar of Fedhas.
   151 | D:3      | Found a runed translucent gate.
   151 | D:3      | Found a runed translucent gate.
   159 | D:3      | Found a runed translucent gate.
   160 | D:3      | Noticed danilin1's ghost (amateur MiBe)
   161 | D:3      | Noticed Brawrur's ghost (weakling SpEn)
   161 | D:3      | Noticed Lanoc's ghost (weakling FoMo)
   343 | D:3      | Reached XP level 3. HP: 29/34 MP: 3/3
   365 | D:2      | Reached skill level 3 in Axes
   599 | D:4      | Noticed a scorpion
   607 | D:4      | Reached XP level 4. HP: 20/42 MP: 4/4
   614 | D:4      | Reached XP level 5. HP: 47/50 MP: 5/5
   702 | D:4      | Reached skill level 4 in Axes
   791 | D:4      | Noticed Menkaure
   807 | D:4      | Killed Menkaure
   807 | D:4      | Reached XP level 6. HP: 34/57 MP: 5/5
  1035 | D:4      | Reached skill level 5 in Axes
  1035 | D:4      | Reached skill level 1 in Dodging
  1035 | D:4      | Reached XP level 7. HP: 40/66 MP: 6/6
  1457 | D:5      | Entered Level 5 of the Dungeon
  1567 | D:5      | Noticed Eustachio
  1603 | D:5      | Killed Eustachio
  1603 | D:5      | Reached skill level 5 in Fighting
  1611 | D:5      | Found a staircase to the Ecumenical Temple.
  1631 | D:5      | Reached skill level 5 in Armour
  1637 | Temple   | Entered the Ecumenical Temple
  1939 | Temple   | Became a worshipper of Makhleb the Destroyer
  1995 | D:5      | Reached skill level 6 in Axes
  2006 | D:5      | Reached skill level 1 in Evocations
  2047 | D:5      | Reached skill level 1 in Invocations
  2047 | D:5      | Reached XP level 8. HP: 40/75 MP: 7/7
  2684 | D:6      | Reached skill level 7 in Axes
  2864 | D:6      | Reached * piety under Makhleb
  3284 | D:7      | Reached ** piety under Makhleb
  3380 | D:7      | Noticed Duvessa
  3382 | D:7      | Gained mutation: You passively map the area around you.
                  | [Deep Dwarf growth]
  3382 | D:7      | Reached XP level 9. HP: 53/85 MP: 7/7
  3391 | D:7      | Noticed Dowan
  3407 | D:7      | Killed Dowan
  3408 | D:7      | Killed Duvessa
  3635 | D:7      | Got a transparent chain mail
  3647 | D:7      | Identified the +6 chain mail of the Game Afoot {Dex+7} (You
                  | found it on level 7 of the Dungeon)
  3928 | D:8      | Reached skill level 8 in Axes
  4398 | D:9      | Found Hoko's Assorted Antiques.
  4456 | D:9      | Reached *** piety under Makhleb
  4532 | D:9      | Reached skill level 5 in Evocations
  4548 | D:9      | Noticed a two-headed ogre
  4560 | D:9      | Reached skill level 5 in Invocations
  4560 | D:9      | Reached XP level 10. HP: 74/94 MP: 7/7
  4563 | D:9      | Killed a two-headed ogre
  4563 | D:9      | Reached skill level 9 in Axes
  4563 | D:9      | Reached skill level 5 in Dodging
  4983 | D:10     | Entered Level 10 of the Dungeon
  5898 | D:11     | Reached **** piety under Makhleb
  6080 | D:11     | Noticed a manticore
  6088 | D:11     | Reached skill level 10 in Axes
  6102 | D:11     | Killed a manticore
  6188 | D:11     | Reached XP level 11. HP: 68/104 MP: 7/7
  6229 | D:11     | Noticed a seven-headed hydra
  6384 | D:11     | Found a staircase to the Lair.
  6504 | D:11     | Killed a 17-headed hydra
  6637 | D:12     | Found a staircase to the Orcish Mines.
  6725 | D:12     | Slain by an ice devil

Illustrated notes

Levels and vault maps discovered:
D:1:      psy_arrival_basics, layout_loops_ring, serial_rivers,
          chequers_serial_rivers_small_b, chequers_serial_rivers_large_b,
          chequers_serial_rivers_micro_d, chequers_serial_rivers_large_a,
          chequers_serial_rivers_micro_a, fountainhead, minmay_octomino_c4
D:2:      minmay_general_purpose_star, layout_rooms, uniq_natasha
D:3:      layout_loops_cross, fedhas_altar_2, gammafunk_ghost_cemetery,
          lemuel_flame_loot_1
D:4:      layout_cave_pods, uniq_menkaure
D:5:      layout_gridville, minmay_temple_entry_waves, uniq_eustachio
D:6:      lemuel_ratsnest, layout_cave_pools
D:7:      layout_gridville, uniq_duvessa
D:8:      layout_basic
D:9:      layout_basic, serial_shops, shop
D:10:     layout_stronghold, due_unseen_surprise
D:11:     layout_basic, minmay_lair_entry_grove, hex_medium,
          hangedman_decor_slide_cut, minmay_liquid_box
D:12:     layout_layer_cave, david_orc_3, eino_jars, uniq_frances
Temple:   regret_index_temple_sigil_plot

Skill      XL: |  1  2  3  4  5  6  7  8  9 10 11 |
---------------+----------------------------------+-----
Fighting       | 3 4 5 6 7 8 9 |  9.0
Axes           | 3 4 5 6 7 8 10 | 10.4
Armour         | 4 5 6 7 |  7.8
Shields        | 4 |  4.3
Dodging        | 1 2 3 4 5 6 |  6.3
Evocations     | 1 3 5 6 7 |  7.2
Invocations    | 1 3 5 6 |  6.9

Action                   |  1- 3 |  4- 6 |  7- 9 | 10-12 || total
-------------------------+-------+-------+-------+-------++-------
Melee: War axe           |    96 |    54 |   425 |   301 ||   876
Invok: Lesser Servant of |       |       |       |     6 ||     6
 Abil: Heal Wounds       |     1 |     4 |    13 |    11 ||    29
Evoke: Wand              |       |       |       |     3 ||     3
  Use: Scroll            |       |     7 |     8 |     1 ||    16
Armor: Scale mail        |    30 |    14 |    97 |       ||   141
       Plate armour      |       |       |   129 |       ||   129
       Chain mail        |       |       |    65 |   304 ||   369
Dodge: Dodged            |    31 |    17 |   157 |   184 ||   389
Block: Kite shield       |    59 |    23 |   250 |   285 ||   617

Table legend: (Time is in decaauts)
 A = Elapsed time spent in this place.
 B = Non-inter-level travel time spent in this place.
 C = Inter-level travel time spent in this place.
 D = Time resting spent in this place.
 E = Time spent auto-exploring this place.
 F = Levels seen in this place.
 G = Mean time per level.
                   A        B        C        D        E       F      G
               +--------+--------+--------+--------+--------+-----+--------+
         Total |   6913 |   6484 |    429 |      0 |   4726 |  13 |  531.8 |
       Dungeon |   6580 |   6210 |    370 |      0 |   4454 |  12 |  548.3 |
        Temple |    333 |    274 |     59 |      0 |    272 |   1 |  333.0 |
               +--------+--------+--------+--------+--------+-----+--------+

Top non-repeatable levels by time:
     D:4: 1024 daAuts
    D:11: 886 daAuts
     D:5: 866 daAuts
    D:10: 800 daAuts
     D:6: 670 daAuts
     D:7: 619 daAuts
     D:9: 590 daAuts
     D:8: 537 daAuts
  Temple: 333 daAuts
     D:3: 297 daAuts
     D:2: 103 daAuts
    D:12: 91 daAuts
     D:1: 91 daAuts
